 Dungeon Crawl Stone Soup version 0.31-a0-210-gccc998df9b (webtiles) character file.

Game seed: 4299511822851549524

518 qw the Shooter (level 7, -11/43 HPs)
             Began as a Gargoyle Hexslinger on June 29, 2023.
             Mangled by Duvessa
             ... wielding a +0 rapier
              (12 damage)
             ... on level 4 of the Dungeon.
             The game lasted 00:01:32 (2977 turns).

qw the Shooter (Gargoyle Hexslinger)                Turns: 2977, Time: 00:01:32

Health: -11/43     AC: 12    Str: 10 (11) XL:     7   Next: 21%
Magic:  8/8        EV: 10    Int: 14      God:
Gold:   245        SH:  0    Dex: 14      Spells: 7/8 levels left

rFire   . . .        Y - +2 sling (drain)
rCold   . . .        (no shield)
rNeg    + + .        h - +0 ring mail
rPois   inf          (no helmet)
rElec   +            j - +1 cloak
rCorr   .            (no gloves)
SInv    .            (no boots)
Will    .....        (no amulet)
Stlth   +            g - ring of positive energy
HPRegen 0.27/turn    (no ring)
MPRegen 0.11/turn

%: no passive effects
@: no status effects
A: sickness immunity, AC +4, negative energy resistance 1, electricity
resistance, torment resistance 1, petrification resistance
a: no special abilities


You were on level 4 of the Dungeon.
You visited 1 branch of the dungeon, and saw 4 of its levels.

You collected 245 gold pieces.


Innate Abilities, Weirdness & Mutations

You are immune to sickness and miasma.
Your stone body is resilient. (AC +4)
You are immune to poison.
You resist negative energy. (rN+)
You are resistant to electric shocks. (rElec)
You are resistant to unholy torment.
You are immune to petrification.


   Skills:
 - Level 4.1 Fighting
 + Level 6.5 Ranged Weapons
 - Level 1.0 Armour
 - Level 1.5 Dodging
 - Level 1.0 Spellcasting
 - Level 2.6 Hexes


You had 7 spell levels left.
You knew the following spells:

 Your Spells              Type           Power      Damage    Failure   Level
a - Slow                  Hex            32%        N/A       22%         1

Your spell library contained the following spells:

 Spells                   Type           Power      Damage    Failure   Level
 Inner Flame              Hex/Fire       4%         N/A       75%         3
 Portal Projectile        Hex/Tloc       8%         N/A       75%         3
 Cause Fear               Hex            4%         N/A       91%         4

Inventory:

Hand Weapons
 Y - a +2 sling of draining (weapon)
Armour
 h - a +0 ring mail (worn)
 j - a +1 cloak (worn)
Jewellery
 g - a ring of positive energy (left hand)
Scrolls
 a - a scroll of identify
Potions
 b - a potion of haste
 c - a potion of might
 e - a potion of brilliance {unknown}
 i - a potion of berserk rage {unknown}

Dungeon Overview and Level Annotations

Branches:
Dungeon (4/15)
 Temple: D:4-7

Altars:
Makhleb

Annotations:
D:3 3 runed translucent doors, qw's ghost, amateur DEHu
D:4 Duvessa


Message History

Dowan gestures at you while chanting. The puff of flame hits you.
Dowan hits you but does no damage.
You shoot a sling bullet. The sling bullet closely misses Dowan.
Dowan points at you and mumbles some strange words.
You are outlined in light.
You shoot a sling bullet. The sling bullet hits Dowan.
Dowan is almost dead.
Dowan closely misses you.
You shoot a sling bullet. The sling bullet hits Dowan.
You kill Dowan!
You hear a distant scream of rage.
You start resting.
You are no longer glowing.
Duvessa is nearby!
You shoot a sling bullet.
Duvessa shouts!
The sling bullet hits Duvessa.
Duvessa is lightly wounded.
Duvessa goes berserk!
Duvessa rages.
You shoot a sling bullet. The sling bullet hits Duvessa.
Duvessa is moderately wounded.
Duvessa hits you with a +0 rapier! Duvessa closely misses you.
You shoot a sling bullet. The sling bullet hits Duvessa.
Duvessa is moderately wounded.
Duvessa closely misses you. Duvessa hits you but does no damage.
You shoot a sling bullet.
The sling bullet closely misses Duvessa.
Duvessa hits you with a +0 rapier! x2
You shoot a sling bullet.
The sling bullet hits Duvessa but does no damage.
You drain Duvessa.
Duvessa is moderately wounded.
Duvessa hits you but does no damage. Duvessa hits you with a +0 rapier.
You shoot a sling bullet.
The sling bullet hits Duvessa but does no damage.
You drain Duvessa.
Duvessa is moderately wounded.
Duvessa hits you with a +0 rapier!
You die...

.................. ###.#
##...#####.#####.# ####### #...
##............#.###.....#####...
###.#####..#...................
#..## ##..##.###.....####.... #
##..# ###....###.....#####...
.######.###..................<...
............####e)....%#######...
..#####..##### #@##.[.###### #...
.. ##[....# #.##.#......###...
#####.###.#..#.####.......
#...#...##.# ####...#
###....###.# ##..# ##..## #.#
#..# .#. #...# #.# ###... ....#
#...###.######..... #####..##
#....#..##.....#.##


You could see Duvessa (berserk, very drained).

Vanquished Creatures
  A scorpion (D:4)
  Dowan (D:4)
  A jelly (D:4)
  Jessica (D:2)
  An iguana (D:4)
  4 orc wizards
  Ijyb (D:4)
  9 gnolls
  2 adders
  An ufetubus (D:4)
  2 worms
  14 orcs
  8 ball pythons
  2 endoplasms
  3 giant cockroaches
  8 goblins
  9 hobgoblins
  6 bats
  6 frilled lizards
  6 kobolds
  5 rats
91 creatures vanquished.

Notes
Turn   | Place    | Note
-------+----------+-------------------------------------------
     0 | D:1      | qw the Gargoyle Hexslinger began the quest for the Orb.
     0 | D:1      | Reached XP level 1. HP: 12/12 MP: 2/2
     0 | D:1      | 0 ||| qw: Version: 0.3-a-24-ga2abf7b
     0 | D:1      | 0 ||| qw: Game counter: 6915
     0 | D:1      | 0 ||| qw: Melee chars always use a shield: true
     0 | D:1      | 0 ||| qw: God list: Okawaru
     0 | D:1      | 0 ||| qw: Allow faded altars: false
     0 | D:1      | 0 ||| qw: Do Orc after clearing Dungeon:15 true
     0 | D:1      | 0 ||| qw: Do second Lair branch before Depths: true
     0 | D:1      | 0 ||| qw: Lair rune preference: random
     0 | D:1      | 0 ||| qw: Goals: Normal
     0 | D:1      | 0 ||| PLANNING D:1-11
   116 | D:1      | Reached skill level 3 in Ranged Weapons
   116 | D:1      | Reached XP level 2. HP: 8/16 MP: 3/3
   288 | D:1      | Reached XP level 3. HP: 17/21 MP: 4/4
   540 | D:1      | 540 ||| UPGRADING to +0 leather armour.
   550 | D:1      | 550 ||| DROPPING +0 robe.
   551 | D:1      | 551 ||| UPGRADING to ring of positive energy.
   552 | D:1      | 552 ||| READING 2 scrolls labelled SULEDU ISKUCES.
   553 | D:1      | 553 ||| READING scroll labelled HOUT BIZIOJE.
   554 | D:1      | 554 ||| READING scroll labelled NULEOD JOFUS.
   555 | D:1      | 555 ||| READING 2 scrolls labelled CEBAIN KURA.
   559 | D:1      | 559 ||| DROPPING scroll of poison.
   573 | D:2      | Noticed Jessica
   580 | D:2      | Killed Jessica
   587 | D:2      | Reached skill level 4 in Ranged Weapons
   587 | D:2      | Reached XP level 4. HP: 22/26 MP: 5/5
   587 | D:2      | 587 ||| FLEEEEING.
   588 | D:2      | 588 ||| STAIRDANCE
   612 | D:2      | You fall into a shaft and drop 1 floor!
   737 | D:3      | 737 ||| READING scroll labelled RAPSOCVOWE.
   738 | D:3      | 738 ||| READING 2 scrolls of identify.
   738 | D:3      | 738 ||| IDENTIFYING fizzy black potion
   776 | D:2      | Reached XP level 5. HP: 30/30 MP: 6/6
  1227 | D:2      | 1227 ||| UPGRADING to +0 cloak.
  1232 | D:2      | 1232 ||| UPGRADING to +0 ring mail.
  1242 | D:2      | 1242 ||| UPGRADING to +1 cloak.
  1252 | D:2      | 1252 ||| DROPPING +0 cloak.
  1253 | D:2      | 1253 ||| DROPPING +0 leather armour.
  1254 | D:2      | 1254 ||| READING scroll labelled GAAJIL UCHY.
  1355 | D:2      | 1355 ||| DRINKING 3 purple potions.
  1440 | D:3      | Reached skill level 1 in Armour
  1448 | D:3      | HP: 6/30 [something/magic dart (8)]
  1449 | D:3      | 1449 ||| READING scroll of teleportation.
  1450 | D:3      | 1450 ||| DRINKING potion of heal wounds.
  1595 | D:3      | Found a faded altar of an unknown god.
  1673 | D:3      | 1673 ||| DRINKING 2 potions of curing.
  1673 | D:3      | 1673 ||| (to cure confusion)
  1677 | D:3      | Reached skill level 5 in Ranged Weapons
  1682 | D:3      | 1682 ||| DRINKING potion of curing.
  1682 | D:3      | 1682 ||| (to cure confusion)
  1696 | D:3      | Reached skill level 3 in Fighting
  1755 | D:3      | Found a runed translucent gate.
  1755 | D:3      | Identified the +0 chain mail of Absence {rC+}
  1755 | D:3      | Noticed qw's ghost (amateur DEHu)
  1758 | D:3      | Found a runed translucent gate.
  1759 | D:3      | Found a runed translucent gate.
  1814 | D:3      | Found a burning altar of Makhleb.
  1814 | D:3      | Noticed a blizzard demon
  1817 | D:3      | Noticed an orange demon
  1817 | D:3      | Noticed a neqoxec
  1909 | D:3      | 1909 ||| READING scroll labelled WISUFURH TYOPS.
  1910 | D:3      | 1910 ||| READING scroll labelled XIRUCK CANEDE.
  1911 | D:3      | 1911 ||| READING scroll labelled NOUNLOG HONAX.
  1928 | D:3      | 1928 ||| DRINKING 2 bubbling amethyst potions.
  1929 | D:3      | 1929 ||| READING 2 scrolls of identify.
  1929 | D:3      | 1929 ||| IDENTIFYING lumpy pink potion
  1930 | D:3      | 1930 ||| DROPPING potion of degeneration.
  2007 | D:4      | Reached XP level 6. HP: 27/37 MP: 7/7
  2068 | D:4      | 2068 ||| FLEEEEING.
  2069 | D:4      | 2069 ||| FLEEEEING.
  2070 | D:4      | 2070 ||| FLEEEEING.
  2071 | D:4      | 2071 ||| FLEEEEING.
  2072 | D:4      | 2072 ||| FLEEEEING.
  2073 | D:4      | 2073 ||| STAIRDANCE
  2134 | D:3      | 2134 ||| READING scroll labelled ETWIOFRUTWE.
  2135 | D:3      | 2135 ||| DROPPING potion of invisibility.
  2201 | D:4      | Reached skill level 6 in Ranged Weapons
  2382 | D:4      | 2382 ||| DRINKING potion of curing.
  2382 | D:4      | 2382 ||| (to cure confusion)
  2402 | D:4      | Reached XP level 7. HP: 33/43 MP: 8/8
  2402 | D:4      | 2402 ||| FLEEEEING.
  2410 | D:4      | 2410 ||| STAIRDANCE
  2483 | D:3      | 2483 ||| DRINKING 2 red potions.
  2567 | D:4      | Noticed Ijyb
  2579 | D:4      | Killed Ijyb
  2628 | D:4      | Noticed Dowan
  2629 | D:4      | Noticed Duvessa
  2637 | D:4      | HP: 8/43 [Duvessa/+0 rapier (5)]
  2638 | D:4      | 2638 ||| READING scroll of teleportation.
  2641 | D:4      | 2641 ||| FLEEEEING.
  2642 | D:4      | 2642 ||| FLEEEEING.
  2643 | D:4      | 2643 ||| FLEEEEING.
  2644 | D:4      | 2644 ||| FLEEEEING.
  2645 | D:4      | 2645 ||| FLEEEEING.
  2648 | D:4      | 2648 ||| FLEEEEING.
  2649 | D:4      | 2649 ||| FLEEEEING.
  2650 | D:4      | 2650 ||| FLEEEEING.
  2651 | D:4      | 2651 ||| FLEEEEING.
  2652 | D:4      | 2652 ||| FLEEEEING.
  2653 | D:4      | 2653 ||| FLEEEEING.
  2654 | D:4      | 2654 ||| FLEEEEING.
  2655 | D:4      | 2655 ||| STAIRDANCE
  2941 | D:4      | Killed Dowan
  2975 | D:4      | HP: 6/43 [Duvessa/+0 rapier (10)]
  2976 | D:4      | HP: 1/43 [Duvessa/+0 rapier (5)]
  2977 | D:4      | Mangled by Duvessa

Levels and vault maps discovered:
D:1:      amcnicky_arrival_feature_with_door, layout_basic
D:2:      layout_basic, minmay_hexomino_u4, uniq_jessica
D:3:      layout_rooms, makhleb_altar_promises_db,
          shapermc_ecumenical_altar_flowoftime, biasface_ghost_orc_armoury,
          nicolae_figureground_pulse
D:4:      layout_rooms, uniq_duvessa, uniq_ijyb

Skill      XL: |  1  2  3  4  5  6 |
---------------+-------------------+-----
Ranged Weapons | 3 4 5 6 |  6.5
Fighting       | 2 3 4 |  4.1
Armour         | 1 |  1.0
Dodging        | |  1.5
Spellcasting   | |  1.0
Hexes          | |  2.6

Action                     |  1- 3 |  4- 6 |  7- 9 || total
---------------------------+-------+-------+-------++-------
   Fire: Sling             |    73 |   207 |    45 ||   325
    Use: Scroll            |     4 |     9 |     1 ||    14
         Potion            |       |     6 |     1 ||     7
 Armour: Robe              |     5 |       |       ||     5
         Leather armour    |     3 |     5 |       ||     8
         Ring mail         |       |    58 |    11 ||    69
  Dodge: Dodged            |    33 |    47 |    10 ||    90

Table legend:
 A = Non-vault XP
 B = Vault XP
 C = Vault XP percentage of total XP
 D = Non-vault monster count
 E = Vault monster count
 F = Vault count percentage of total count
                 A         B        C        D         E       F
            +---------+---------+-------+---------+---------+-------
      Total |     591 |     150 |  20.2 |      83 |       8 |   8.8
            +---------+---------+-------+---------+---------+-------
        D:1 |      44 |       0 |   0.0 |      20 |       0 |   0.0
        D:2 |      35 |      48 |  57.8 |      14 |       6 |  30.0
        D:3 |     176 |       0 |   0.0 |      26 |       0 |   0.0
        D:4 |     336 |     102 |  23.3 |      23 |       2 |   8.0
            +---------+---------+-------+---------+---------+-------
